 Dungeon Crawl Stone Soup version 0.28-a0-503-g83f2989fac (webtiles) character file.

Game seed: 961206590923536270

891 lunkers the Magician (level 8, -3/58 HPs)
             Began as a Djinni Earth Elementalist on Sept 20, 2021.
             Was an Initiate of Gozag.
             Killed by divine providence
             ... invoked by an orc priest
              (11 damage)
             ... on level 6 of the Dungeon.
             The game lasted 00:05:27 (6195 turns).

lunkers the Magician (Djinni Earth Elementalist)    Turns: 6195, Time: 00:05:27

Health: -3/58      AC:  4    Str:  7    XL:     8   Next: 27%
Gold:   307        EV: 16    Int: 19    God:    Gozag SH:  6 Dex: 18

rFire   + + +      SeeInvis .   g - +2 dagger (elec)
rCold   x . .      Faith    .   a - +1 buckler {reflect}
rNeg    . . .      Spirit   .   t - +1 robe of Vehumet's Anger {rF++ rCorr Dex-2}
rPois   ∞          Reflect  +   (no helmet)
rElec   .          Harm     .   (no cloak)
rCorr   +          Rampage  .   u - +0 pair of gloves
Will    .....                   (boots unavailable)
Stlth   ++........              (no amulet)
HPRegen 0.19/turn               m - +4 ring of evasion
MPRegen 0.00/turn               n - +6 ring of dexterity

@: gold aura, flying, very slightly contaminated
A: sickness immunity, fire resistance 2, cold vulnerability 1, float, innate
caster, hp casting, extra vitality 1
a: Renounce Religion, Potion Petition, Call Merchant, Bribe Branch


You were on level 6 of the Dungeon.
You worshipped Gozag.
Gozag was aware of your devotion.
You visited 2 branches of the dungeon, and saw 7 of its levels.

You collected 335 gold pieces.
You paid 28 gold pieces to Gozag.

Inventory:

Hand Weapons
 d - a +1 short sword of venom
 g - a +2 dagger of electrocution (weapon)
Missiles
 c - 86 stones
 o - a throwing net
Armour
 a - a +1 buckler of reflection (worn)
 t - the +1 robe of Vehumet's Anger (worn) {rF++ rCorr Dex-2}
   (You found it on level 5 of the Dungeon)

   Dex:       It affects your dexterity (-2).
   rF:        It greatly protects you from fire.
   rCorr:     It protects you from acid and corrosion.
 u - a +0 pair of gloves (worn)
Jewellery
 m - a +4 ring of evasion (left hand)
 n - a +6 ring of dexterity (right hand)
Wands
 s - a wand of mindburst (10)
 v - a wand of flame (16)
Scrolls
 e - a scroll of enchant weapon {unknown}
 f - 3 scrolls of teleportation {unknown}
 j - 8 scrolls of identify {unknown}
 k - a scroll of enchant armour {unknown}
 l - 2 scrolls of amnesia {unknown}
 q - 2 scrolls of fog {unknown}
 w - a scroll of vulnerability {unknown}
Potions
 b - a potion of haste {unknown}
 h - a potion of curing {unknown}
 i - a potion of attraction {unknown}
 p - a potion of mutation {unknown}
 r - 2 potions of heal wounds {unknown}
 x - a potion of flight {unknown}


   Skills:
 + Level 4.6 Fighting
 - Level 2.1 Dodging
 - Level 1.5 Stealth
 + Level 2.0 Shields
 * Level 5.9 Spellcasting


You had 2 spell levels left.
You knew the following spells:

 Your Spells              Type           Power      Damage    Failure   Level
a - Stone Arrow           Conj/Erth      56%        3d10      3%          3
b - Passwall              Tmut/Erth      23%        N/A       1%          2
c - Shock                 Conj/Air       100%       1d9       1%          1
d - Petrify               Tmut/Erth      28%        N/A       13%         4
e - Sandblast             Erth           56%        2d13      1%          1
f - Slow                  Hex            28%        N/A       1%          2
g - Ignite Poison         Fire/Tmut/Pois 28%        N/A       3%          3
Your spell library was empty.

Dungeon Overview and Level Annotations

Branches:
Dungeon (6/15)             Temple (1/1) D:4

Altars:
Ashenzari
Cheibriados
Dithmenos
Elyvilon
Fedhas
Gozag
Hepliaklqana
Kikubaaqudgha
Makhleb
Nemelex Xobeh
Okawaru
Ru
Sif Muna
Uskayaw
Vehumet
Wu Jian
Xom
Yredelemnul
The Shining One

Shops:
D:1 !


Innate Abilities, Weirdness & Mutations

You are immune to sickness and miasma.
You are immune to poison.
Your flesh is very heat resistant. (rF++)
You are vulnerable to cold. (rC-)
You float through the air rather than walking.
You learn spells naturally, not from books.
Your magical power is your life essence.
You have superior vitality. (+4 HP)


Message History

You miscast Stone Arrow.
You are very lightly contaminated with residual magic.
Nothing appears to happen.
You block the water moccasin's attack.
The orc priest mumbles some strange prayers to Beogh against you.
Beogh smites you!
* * * LOW HITPOINT WARNING * * *
You hear a shout!
Casting: Stone Arrow (dangerous; 4% risk of failure)
Confirm with . or Enter, or press ? or * to list all spells.
Aiming: Stone Arrow (dangerous; 4% risk of failure)
Press: ? - help, Shift-Dir - straight line, f/p - water moccasin
Aim: a water moccasin (almost dead, 53% to hit)
The stone arrow misses the water moccasin.
* * * LOW HITPOINT WARNING * * *
You block the water moccasin's attack. x2
Unknown command.
Casting: Stone Arrow (dangerous; 4% risk of failure)
Confirm with . or Enter, or press ? or * to list all spells.
Aiming: Stone Arrow (dangerous; 4% risk of failure)
Press: ? - help, Shift-Dir - straight line, f/p - water moccasin
Aim: a water moccasin (almost dead, 53% to hit)
The stone arrow hits the water moccasin!
You kill the water moccasin!
* * * LOW HITPOINT WARNING * * *
The orc priest invokes the aid of Beogh against you.
Beogh smites you!
* * * LOW HITPOINT WARNING * * *
Your Shields skill increases to level 2!
Casting: Stone Arrow (dangerous; 3% risk of failure)
Confirm with . or Enter, or press ? or * to list all spells.
Aiming: Stone Arrow (dangerous; 3% risk of failure)
Press: ? - help, Shift-Dir - straight line, f - orc priest
Aim: an orc priest, wielding a +0 short sword (71% to hit)
The stone arrow hits the orc priest!
The orc priest is severely wounded.
* * * LOW HITPOINT WARNING * * *
The orc priest calls down the wrath of Beogh upon you.
Beogh smites you!
You die...
Your body crumbles into a pile of gold.

...........#
...........#
........<..#
...........#
......o....#
...........#
......$....###
#@.....#
#......#
#......#
#......#
#......###
####.....#
####
#.....+.....#
#.....#.....#
#.....#.....#


You could see an orc priest.

Vanquished Creatures
  A water moccasin (D:6)
  A black bear (D:5)
  2 ogres
  A phantom (D:4)
  3 scorpions (D:5)
  A bullfrog skeleton (D:6)
  An iguana (D:5)
  Terence (D:3)
  2 orc wizards
  A hound skeleton (D:5)
  4 adders
  2 worms
  3 dart slugs
  8 orcs
  7 ball pythons
  7 bats
  8 endoplasms
  5 giant cockroaches
  5 goblins
  7 hobgoblins
  8 jackals
  2 quokkas
  3 frilled lizards
  4 kobolds
  5 rats
92 creatures vanquished.

Vanquished Creatures (others)
  4 toadstools (D:1)
4 creatures vanquished.

Grand Total: 96 creatures vanquished

Notes
Turn   | Place    | Note
-------+----------+-------------------------------------------
     0 | D:1      | lunkers the Djinni Earth Elementalist began the quest for
                  | the Orb.
     0 | D:1      | Reached XP level 1. HP: 15/15 MP: 0/0
   232 | D:1      | Reached XP level 2. HP: 14/22 MP: 0/0
   585 | D:1      | Reached skill level 1 in Fighting
  1068 | D:1      | Reached XP level 3. HP: 24/27 MP: 0/0
  1068 | D:1      | Learned a level 1 spell: Shock
  1083 | D:1      | Reached skill level 3 in Spellcasting
  1279 | D:1      | Found Kad Ytsu's Distillery.
  1768 | D:2      | Reached XP level 4. HP: 28/32 MP: 0/0
  2737 | D:3      | Noticed Terence
  2762 | D:3      | Killed Terence
  2763 | D:3      | Reached XP level 5. HP: 13/38 MP: 0/0
  2763 | D:3      | Learned a level 2 spell: Slow
  3543 | D:4      | Noticed a phantom
  3554 | D:4      | Killed a phantom
  3555 | D:4      | Reached skill level 4 in Spellcasting
  3555 | D:4      | Reached XP level 6. HP: 21/45 MP: 0/0
  4113 | D:4      | Noticed an ogre
  4123 | D:4      | Killed an ogre
  4252 | D:4      | Found a staircase to the Ecumenical Temple.
  4308 | Temple   | Entered the Ecumenical Temple
  4466 | Temple   | Became a worshipper of Gozag Ym Sagoz the Greedy
  4674 | D:5      | Entered Level 5 of the Dungeon
  4769 | D:5      | Noticed an ogre
  4769 | D:5      | Noticed a black bear
  4775 | D:5      | Killed an ogre
  4776 | D:5      | Reached skill level 5 in Spellcasting
  4776 | D:5      | Reached XP level 7. HP: 36/51 MP: 0/0
  4776 | D:5      | Learned a level 3 spell: Ignite Poison
  5020 | D:5      | HP: 2/52 [orc wizard (3)]
  5437 | D:5      | Found a shimmering altar of Xom.
  5458 | D:5      | Identified the +1 robe of Vehumet's Anger {rF++ rCorr
                  | Dex-2}
  5527 | D:5      | Reached skill level 1 in Shields
  5824 | D:5      | Found a broken altar of Ashenzari.
  5872 | D:5      | Found an iron altar of Okawaru.
  5894 | D:5      | Reached XP level 8. HP: 55/58 MP: 0/0
  6195 | D:6      | Killed from afar by an orc priest

Illustrated notes

Levels and vault maps discovered:
D:1:      ldierk_water_garden, layout_basic, serial_shops, shop
D:2:      layout_loops_cross, eino_tiny_chamber
D:3:      layout_loops_cross, uniq_terence
D:4:      layout_loops_ring, minmay_temple_entry_glass, serial_park_tiny_1,
          minmay_statues_item
D:5:      layout_cave_pools, mainiacjoe_overflow_surrounded_room, minitemple
D:6:      layout_gridville
Temple:   regret_index_temple_sphere_string

Skill      XL: |  1  2  3  4  5  6  7  8 |
---------------+-------------------------+-----
Fighting       | 1 2 3 4 |  4.6
Spellcasting   | 3 4 5 |  5.9
Shields        | 1 2 |  2.0
Dodging        | |  2.1
Stealth        | |  1.5

Action                   |  1- 3 |  4- 6 |  7- 9 || total
-------------------------+-------+-------+-------++-------
Melee: Short sword       |    12 |       |       ||    12
       Dagger            |     5 |     5 |       ||    10
 Cast: Sandblast         |    29 |       |     1 ||    30
       Shock             |    27 |    95 |       ||   122
       Stone Arrow       |       |     8 |    29 ||    37
Armor: Robe              |     7 |     3 |       ||    10
Dodge: Dodged            |    15 |    14 |     2 ||    31
Block: Buckler           |     6 |     4 |     4 ||    14

Table legend: (Time is in decaauts)
 A = Elapsed time spent in this place.
 B = Non-inter-level travel time spent in this place.
 C = Inter-level travel time spent in this place.
 D = Time resting spent in this place.
 E = Time spent auto-exploring this place.
 F = Levels seen in this place.
 G = Mean time per level.
                   A        B        C        D        E       F      G
               +--------+--------+--------+--------+--------+-----+--------+
         Total |   6195 |   5942 |    253 |    397 |   4965 |   7 |  885.0 |
       Dungeon |   6027 |   5800 |    227 |    397 |   4839 |   6 | 1004.5 |
        Temple |    168 |    142 |     26 |      0 |    126 |   1 |  168.0 |
               +--------+--------+--------+--------+--------+-----+--------+

Top non-repeatable levels by time:
     D:1: 1310 daAuts
     D:4: 1268 daAuts
     D:2: 1221 daAuts
     D:5: 1107 daAuts
     D:3: 996 daAuts
  Temple: 168 daAuts
     D:6: 122 daAuts
